 Dungeon Crawl Stone Soup version 0.16.1-7-g2c6721e (webtiles) character file.

63 Chiseanne the Insei (level 3, -3/29 HPs)
             Began as a Demonspawn Monk on Mar 29, 2015.
             Was a Believer of Cheibriados.
             Slain by an orc
             ... wielding a +0 short sword
              (4 damage)
             ... on level 2 of the Dungeon.
             The game lasted 00:04:05 (1467 turns).

Chiseanne the Insei (Demonspawn Monk)               Turns: 1467, Time: 00:04:05

Health: -3/29      AC:  5    Str: 17    XL:     3   Next: 87%
Magic:  0/3        EV: 13    Int: 16    God:    Cheibriados [**....]
Gold:   41         SH:  3    Dex: 20    Spells: 0 memorised, 2 levels left

rFire  . . .     SeeInvis .       - Unarmed
rCold  . . .     Clarity  .     j - +0 leather armour
rNeg   . . .     SustAb   .     s - -1 buckler (curse)
rPois  .         Gourm    .     (no helmet)
rElec  .         Spirit   +     (no cloak)
rCorr  .         Warding  .     (no gloves)
rMut   .         Stasis   .     (no boots)
MR     .....                    (no amulet)
Stlth  ++........               (no ring)
                                (no ring)

@: very slow, not resistant to hostile enchantments, unstealthy
A: thin metallic scales 1, magic shield
a: Bend Time, Renounce Religion


You were on level 2 of the Dungeon.
You worshipped Cheibriados.
Cheibriados was pleased with you.
You were not hungry.

You visited 1 branch of the dungeon, and saw 2 of its levels.

You collected 41 gold pieces.

Inventory:

Missiles
 c - 13 arrows
 g - 14 bolts
 o - 13 silver bolts
Armour
 j - a +0 leather armour (worn)
 s - a cursed -1 buckler (worn)
Potions
 a - a potion of might
 f - a potion of invisibility
 h - a potion of mutation
 k - a potion of heal wounds {unknown}
 l - a potion of resistance {unknown}
 t - a potion of poison {unknown}
Comestibles
 b - 2 bread rations
 m - a meat ration


   Skills:
 * Level 3.6 Fighting
 * Level 3.5 Dodging
 - Level 1.7 Stealth
 * Level 0.3 Shields
 - Level 3.9 Unarmed Combat
 * Level 0.6 Invocations


You had 2 spell levels left.
You didn't know any spells.

Dungeon Overview and Level Annotations

Branches:
Dungeon (2/15)

Altars:
Cheibriados


Innate Abilities, Weirdness & Mutations

You are partially covered in thin metallic scales (AC +2).
When hurt, damage is shared between your health and your magic reserves.


Message History

* * * LOW HITPOINT WARNING * * *
You barely miss the orc. The orc barely misses you.
You hit the orc.
The orc is heavily wounded.
The orc hits you with a short sword.
* * * LOW HITPOINT WARNING * * *
You hit the orc.
The orc is severely wounded.
The orc closely misses you.
You hit the orc but do no damage.
The orc is severely wounded.
The orc hits you but does no damage.
You hit the orc but do no damage.
The orc is severely wounded.
The orc hits you with a short sword.
* * * LOW HITPOINT WARNING * * *
You hit the orc but do no damage.
The orc is severely wounded.
The orc hits you with a short sword.
You die...

..........#...#.._.......
#...........<..........## #
#..#.##.#.###.##......... ##.
#..........)............. ..(##
#..#.##.#..........##..##
##8..##....##.#.######...##....
..8..#..........######..##..##
##..##.†#..#.####.......#..##..#
#...$$(........o@..........##..##
#..###..#....####...............#
##.#............##.........#
###..................##....
#........................
......)........###..##....
.#.......#..#.......##....
...............###..###.#. ##.#.#
#.#..§##..# #.#.


You could see an orc.

Vanquished Creatures
  Ijyb (D:2)
  2 adders (D:2)
  A giant gecko (D:1)
  2 orcs (D:2)
  2 giant cockroaches (D:1)
  4 goblins
  3 hobgoblins
  5 kobolds
  A quokka (D:2)
  A giant newt (D:1)
  4 rats
26 creatures vanquished.

Notes
Turn   | Place    | Note
--------------------------------------------------------------
     0 | D:1      | Chiseanne, the Demonspawn Monk, began the quest for the Orb.
     0 | D:1      | Reached XP level 1. HP: 18/18 MP: 1/1
   235 | D:1      | Gained mutation: You are partially covered in thin metallic scales (AC +2). [demonic ancestry]
   235 | D:1      | Reached XP level 2. HP: 16/24 MP: 2/2
   760 | D:2      | Found a snail-covered altar of Cheibriados.
   948 | D:2      | Became a worshipper of Cheibriados the Contemplative
   948 | D:2      | Acquired Cheibriados' first power
  1020 | D:2      | Gained mutation: When hurt, damage is shared between your health and your magic reserves. [demonic ancestry]
  1020 | D:2      | Reached XP level 3. HP: 15/29 MP: 3/3
  1273 | D:2      | Noticed Ijyb
  1315 | D:2      | Killed Ijyb
  1466 | D:2      | HP: 1/29 [orc/short sword (5)]
  1467 | D:2      | Slain by an orc

Action                   || total
-------------------------++-------
Melee: Unarmed           ||   117
  Use: Scroll            ||    10
 Stab: Sleeping          ||     1
  Eat: Chunk             ||     1
